 Dungeon Crawl Stone Soup version 0.29-a0-577-gafbf2c5d25 (webtiles) character file.

Game seed: 13691151427561505084

691 inmateoo the Ruffian (level 7, -4/66 HPs)
             Began as a Troll Transmuter on June 13, 2022.
             Was an Initiate of Cheibriados.
             Slain by an iguana (7 damage)
             ... on level 5 of the Dungeon.
             The game lasted 00:03:32 (3866 turns).

inmateoo the Ruffian (Troll Transmuter)             Turns: 3866, Time: 00:03:33

Health: -4/66      AC:  5    Str: 22    XL:     7   Next: 36%
Magic:  7/9        EV: 10    Int: 16    God:    Cheibriados [......]
Gold:   275        SH:  0    Dex: 11    Spells: 7/10 levels left

rFire   . . .      SeeInvis .     - Unarmed
rCold   . . .      Faith    .   (no shield)
rNeg    . . .      Spirit   .   a - +1 robe
rPois   .          Reflect  .   (helmet currently unavailable)
rElec   .          Harm     .   (no cloak)
rCorr   .          Rampage  .   (gloves unavailable)
Will    .....                   (boots unavailable)
Stlth   +.........              (no amulet)
HPRegen 1.01/turn               h - +6 ring of intelligence
MPRegen 0.11/turn               (no ring)

@: appendages (expiring), wereblooded, very slow
A: horns 2, talons 2, large, unfitting armour, claws 3, regeneration 1, shaggy
fur 1, tough skin 1
a: End Transformation, Renounce Religion


You were on level 5 of the Dungeon.
You worshipped Cheibriados.
Cheibriados was noncommittal.
You had temporarily grown beastly horns and talons.
You visited 2 branches of the dungeon, and saw 6 of its levels.

You collected 275 gold pieces.

Inventory:

Armour
 a - a +1 robe (worn)
Jewellery
 h - a +6 ring of intelligence (left claw)
Scrolls
 f - a scroll of silence
 i - 4 scrolls of teleportation
 j - a scroll of enchant weapon
 l - 3 scrolls of magic mapping
Potions
 b - a potion of lignification
 c - a potion of mutation
 d - a potion of attraction {unknown}
 e - 2 potions of heal wounds
 g - 4 potions of curing
 k - 2 potions of berserk rage
 m - a potion of brilliance
 n - 2 potions of haste
 o - a potion of flight


   Skills:
 + Level 2.7 Fighting
 + Level 3.0 Dodging
 * Level 5.6 Unarmed Combat
 + Level 2.3 Spellcasting
 + Level 2.7 Transmutations


You had 7 spell levels left.
You knew the following spells:

 Your Spells              Type           Power      Damage    Failure   Level
a - Beastly Appendage     Tmut           20%        N/A       7%          1
b - Wereblood             Tmut           10%        N/A       10%         2

Your spell library contained the following spells:

 Spells                   Type           Power      Damage    Failure   Level
 Magic Dart               Conj           4%         1d3       21%         1
 Necrotize                Necr           4%         1d4       21%         1
 Shock                    Conj/Air       4%         1d3       21%         1
 Summon Small Mammal      Summ           4%         N/A       21%         1
 Spider Form              Tmut/Pois      6%         N/A       34%         3
 Call Canine Familiar     Summ           1%         N/A       52%         3
 Portal Projectile        Hex/Tloc       2%         N/A       52%         3
 Vampiric Draining        Necr           1%         2d6       52%         3
 Ice Form                 Ice/Tmut       6%         N/A       75%         4
 Leda's Liquefaction      Hex/Erth       0%         N/A       89%         4
 Agony                    Necr           1%         N/A       99%         5


Dungeon Overview and Level Annotations

Branches:
Dungeon (5/15)             Temple (1/1) D:4

Altars:
Cheibriados
Dithmenos
Elyvilon
Fedhas
Kikubaaqudgha
Makhleb
Okawaru
Ru
Vehumet
Xom
Zin
The Shining One

Shops:
D:2 (

Annotations:
D:5 Edmund


Innate Abilities, Weirdness & Mutations

You have temporarily grown beastly horns and talons.
You are too large for most types of armour.
You have claws for hands.
Your natural rate of healing is unusually fast.
You are covered in fur. (AC +1)
You have tough skin. (AC +1)


Message History

Edmund is heavily wounded.
Edmund hits you with a +0 dire flail of protection.
The iguana bites you!
You are too injured to fight recklessly!
You are too injured to fight recklessly!
You are too injured to fight recklessly!
You scratch Edmund but do no damage. Your headbutt misses Edmund.
You claw Edmund, but do no damage.
Edmund is heavily wounded.
The howler monkey hoots and howls with incredible vigour!
The iguana barely misses you.
Edmund hits you with a +0 dire flail of protection.
You hear an angry hiss.
You hear a shout!
You hear a bark!
You hear a shout! x2
You scratch Edmund.
Edmund is heavily wounded.
The iguana bites you!
* * * LOW HITPOINT WARNING * * *
Edmund says, "I'm quite good with sums, too."
Edmund barely misses you.
You scratch Edmund.
Edmund is severely wounded.
Your transformation is almost over.
The iguana closely misses you. Edmund closely misses you.
You claw Edmund!
Edmund is almost dead.
You scratch Edmund but do no damage. You headbutt Edmund, but do no damage.
Edmund is almost dead.
The howler monkey hoots and howls with incredible vigour!
Edmund hits you with a +0 dire flail of protection!
* * * LOW HITPOINT WARNING * * *
The iguana barely misses you.
You barely miss Edmund. Your headbutt misses Edmund.
Edmund is almost dead.
The iguana bites you!
* * * LOW HITPOINT WARNING * * *
Edmund closely misses you.
You barely miss Edmund.
Edmund is almost dead.
Edmund barely misses you. The iguana bites you!
You die...

........#
.......♣ .......
.....♣ ...!.♣
#h...♣ #@l..♣♣
######+#@....♣♣
.........†....♣
........######..
........####
...........#
...........##
#####..###..####
#..# ##....##
##### #..#
##....#####....


You could see Edmund, a howler monkey (catching breath) and an iguana.

Vanquished Creatures
  Sigmund (D:5)
  A centaur (D:5)
  A phantom (D:4)
  A gnoll sergeant (D:5)
  A scorpion (D:5)
  2 hounds
  4 gnolls
  7 adders
  An orc (D:3)
  8 bats
  6 endoplasms
  2 giant cockroaches
  10 goblins
  7 hobgoblins
  12 jackals
  3 quokkas
  13 ball pythons
  4 frilled lizards
  5 kobolds
  4 rats
93 creatures vanquished.

Notes
Turn   | Place    | Note
-------+----------+-------------------------------------------
     0 | D:1      | inmateoo the Troll Transmuter began the quest for the Orb.
     0 | D:1      | Reached XP level 1. HP: 18/18 MP: 1/1
   152 | D:1      | Reached skill level 1 in Fighting
   153 | D:1      | Reached XP level 2. HP: 27/27 MP: 2/2
   185 | D:1      | Found a faded altar of an unknown god.
   209 | D:1      | You fall into a shaft and drop 1 floor!
   285 | D:2      | Reached XP level 3. HP: 33/33 MP: 4/4
   971 | D:2      | Found Qualod's Weapon Shoppe.
  1370 | D:1      | Got A Beginning Course on Spellcraft
  1710 | D:3      | Reached XP level 4. HP: 41/41 MP: 5/5
  1737 | D:3      | Found a white marble altar of Elyvilon.
  1960 | D:3      | Found an iron altar of Okawaru.
  2462 | D:4      | Reached skill level 4 in Unarmed Combat
  2475 | D:4      | Reached XP level 5. HP: 48/49 MP: 6/6
  2507 | D:4      | Learned a level 2 spell: Wereblood
  2530 | D:4      | Found a staircase to the Ecumenical Temple.
  2612 | Temple   | Entered the Ecumenical Temple
  2986 | D:4      | Noticed a phantom
  3002 | D:4      | Killed a phantom
  3461 | D:5      | Entered Level 5 of the Dungeon
  3471 | D:5      | Reached XP level 6. HP: 29/57 MP: 6/8
  3585 | D:5      | Reached skill level 5 in Unarmed Combat
  3595 | D:5      | Found a snail-covered altar of Cheibriados.
  3598 | D:5      | Became a worshipper of Cheibriados the Contemplative
  3815 | D:5      | Noticed Sigmund
  3828 | D:5      | Killed Sigmund
  3829 | D:5      | Reached XP level 7. HP: 57/66 MP: 7/9
  3849 | D:5      | Noticed Edmund
  3865 | D:5      | HP: 2/66 [iguana (8)]
  3866 | D:5      | Slain by an iguana

Illustrated notes

Levels and vault maps discovered:
D:1:      lightli_arrival_flooded_house, layout_loops_ring,
          hellmonk_ecumenical_altar_dog_temple
D:2:      layout_basic, serial_shops, nicolae_shop_bloodbath_and_beyond,
          st_stairs_8, kennysheep_another_room
D:3:      layout_loops_ring, mainiacjoe_overflow_alcove_2,
          mainiacjoe_overflow_brackets, st_stairs_14
D:4:      layout_basic, lemuel_temple_firewalk_a, skrybe_limestone_x,
          minmay_strange_pillars, kennysheep_generic_room_13
D:5:      layout_basic, nemelex_spade_bored_becter, kennysheep_mini_moat,
          lemuel_crystal_altar, nicolae_gozag_seed_capital, trog_butcher_becter,
          nicolae_yredelemnul_corpse_copse, uniq_sigmund, uniq_edmund
Temple:   jpeg_temple_island

Skill      XL: |  1  2  3  4  5  6 |
---------------+-------------------+-----
Fighting       | 1 2 |  2.7
Dodging        | 2 3 |  3.0
Unarmed Combat | 4 5 |  5.6
Transmutations | 2 |  2.7
Spellcasting   | 2 |  2.3

Action                   |  1- 3 |  4- 6 |  7- 9 || total
-------------------------+-------+-------+-------++-------
Melee: Unarmed           |   133 |   143 |    14 ||   290
       Punch             |     2 |     4 |     1 ||     7
       Kick              |       |     3 |     2 ||     5
       Headbutt          |       |       |     1 ||     1
 Cast: Beastly Appendage |     1 |     2 |     1 ||     4
       Wereblood         |       |       |     1 ||     1
  Use: Scroll            |       |    17 |       ||    17
 Stab: Sleeping          |       |     2 |       ||     2
Armor: Robe              |    59 |    60 |     2 ||   121
Dodge: Dodged            |    83 |    70 |     8 ||   161

Table legend: (Time is in decaauts)
 A = Elapsed time spent in this place.
 B = Non-inter-level travel time spent in this place.
 C = Inter-level travel time spent in this place.
 D = Time resting spent in this place.
 E = Time spent auto-exploring this place.
 F = Levels seen in this place.
 G = Mean time per level.
                   A        B        C        D        E       F      G
               +--------+--------+--------+--------+--------+-----+--------+
         Total |   3905 |   3694 |    211 |    346 |   2713 |   6 |  650.8 |
       Dungeon |   3734 |   3533 |    201 |    346 |   2563 |   5 |  746.8 |
        Temple |    171 |    161 |     10 |      0 |    150 |   1 |  171.0 |
               +--------+--------+--------+--------+--------+-----+--------+

Top non-repeatable levels by time:
     D:2: 1004 daAuts
     D:4: 958 daAuts
     D:3: 748 daAuts
     D:1: 689 daAuts
     D:5: 333 daAuts
  Temple: 171 daAuts
